 Dungeon Crawl Stone Soup version 0.29.1-13-g9f3cf754e1 (webtiles) character file.

Game seed: 8442389605382115914

62 DemonSlayer the Digger (level 3, -1/24 HPs)
             Began as a Demonspawn Earth Elementalist on Jan 21, 2023.
             Slain by a gnoll
             ... wielding a +0 club
              (4 damage)
             ... on level 2 of the Dungeon.
             The game lasted 00:03:02 (1582 turns).

DemonSlayer the Digger (DsEE)                       Turns: 1582, Time: 00:03:03

Health: -1/24      AC:  3    Str:  8    XL:     3   Next: 85%
Magic:  1/7        EV: 11    Int: 18    God:
Gold:   19         SH:  4    Dex: 13    Spells: 4/7 levels left

rFire   . . .      SeeInvis .   f - +0 falchion
rCold   . . .      Faith    .   (no shield)
rNeg    . . .      Spirit   .   k - +0 leather armour
rPois   .          Reflect  .   (helmet restricted)
rElec   .          Harm     .   (no cloak)
rCorr   .          Rampage  .   (no gloves)
Will    .....                   (no boots)
Stlth   ++........              (no amulet)
HPRegen 0.08/turn               (no ring)
MPRegen 0.10/turn               (no ring)

@: no status effects
A: antennae 1, large bone plates 1
a: no special abilities


You were on level 2 of the Dungeon.
You visited 1 branch of the dungeon, and saw 2 of its levels.

You collected 47 gold pieces.
You spent 28 gold pieces at shops.

Inventory:

Hand Weapons
 f - a +0 falchion (weapon)
Armour
 k - a +0 leather armour (worn)
Scrolls
 d - a scroll of vulnerability {unknown}
 e - 5 scrolls of identify {unknown}
 h - a scroll of magic mapping {unknown}
 j - a scroll of fear {unknown}
Potions
 b - a potion of magic
 c - a potion of brilliance {unknown}
 g - a potion of attraction {unknown}
 i - a potion of flight {unknown}


   Skills:
 + Level 0.1 Fighting
 + Level 0.2 Long Blades
 + Level 2.0 Dodging
 + Level 2.0 Stealth
 + Level 0.1 Shields
 + Level 2.7 Spellcasting
 + Level 0.8 Transmutations
 + Level 3.6 Earth Magic


You had 4 spell levels left.
You knew the following spells:

 Your Spells              Type           Power      Damage    Failure   Level
a - Sandblast             Erth           30%        2d9       5%          1
b - Passwall              Tmut/Erth      8%         N/A       14%         2

Your spell library contained the following spells:

 Spells                   Type           Power      Damage    Failure   Level
 Sting                    Tmut/Pois      16%        1d3       21%         1
 Summon Small Mammal      Summ           8%         N/A       24%         1
 Stone Arrow              Conj/Erth      16%        3d8       34%         3
 Poisonous Vapours        Pois/Air       4%         N/A       36%         2
 Call Canine Familiar     Summ           2%         N/A       58%         3
 Summon Guardian Golem    Hex/Summ       2%         N/A       58%         3
 Petrify                  Tmut/Erth      10%        N/A       67%         4
 Olgreb's Toxic Radiance  Pois           2%         N/A       94%         4


Dungeon Overview and Level Annotations

Branches:
Dungeon (2/15)

Altars:
Ru

Shops:
D:2 *


Innate Abilities, Weirdness & Mutations

You have a pair of small antennae on your head.
You are partially covered in large bone plates. (SH +4)


Message History

The gnoll is severely wounded.
The gnoll throws a throwing net.
You block the throwing net.
You miscast Sandblast.
You are very lightly contaminated with residual magic.
Nothing appears to happen.
The gnoll hits you with a +0 whip.
The blast of sand hits the gnoll!
You kill the gnoll!
The blast of sand hits the gnoll.
The gnoll is heavily wounded.
The gnoll hits you with a +0 flail. x2
The blast of sand hits the gnoll!
You kill the gnoll!
Your Dodging skill increases to level 2!
The gnoll shouts!
Your magical contamination has completely faded away.
You start resting.
A gnoll is nearby!
The blast of sand hits the gnoll.
The gnoll is heavily wounded.
The gnoll shouts!
The gnoll closely misses you.
You hit the gnoll.
The gnoll is severely wounded.
The gnoll hits you with a +0 whip.
You are too injured to fight recklessly!
You hit the gnoll.
You kill the gnoll!
Your Stealth skill increases to level 2!
The gnoll hits you with a +0 club!
* * * LOW HITPOINT WARNING * * *
Items here: ( ) [ †.
You hit the gnoll but do no damage. The gnoll barely misses you. x2
You slash the gnoll!
The gnoll is heavily wounded.
The gnoll hits you with a +0 club.
* * * LOW HITPOINT WARNING * * *
You barely miss the gnoll.
The gnoll is heavily wounded.
The gnoll hits you with a +0 club.
You die...

############
....⌠.∩....#
g......###.# ....._.
#@# #........ #g#
#.....gg.###.##### #..
#........# ### #.#
#........# ..# #.#
#........# ..# #.#
###........#
..###.#####......#####
..#.......#.###..#


You could see a gnoll.

Vanquished Creatures
  3 gnolls (D:2)
  6 bats
  2 endoplasms (D:1)
  A giant cockroach (D:1)
  A goblin (D:1)
  A hobgoblin (D:1)
  3 jackals (D:2)
  3 quokkas
  7 ball pythons
  3 frilled lizards
  A kobold (D:2)
  3 rats
34 creatures vanquished.

Notes
Turn   | Place    | Note
-------+----------+-------------------------------------------
     0 | D:1      | DemonSlayer the Demonspawn Earth Elementalist began the
                  | quest for the Orb.
     0 | D:1      | Reached XP level 1. HP: 13/13 MP: 3/3
   311 | D:1      | Gained mutation: You are partially covered in large bone
                  | plates. (SH +4) [demonic ancestry]
   311 | D:1      | Reached XP level 2. HP: 19/19 MP: 1/5
   314 | D:1      | Learned a level 2 spell: Passwall
   467 | D:1      | Reached skill level 3 in Earth Magic
  1015 | D:2      | Found Zujidy's Assorted Antiques.
  1019 | D:2      | Bought a scroll labelled WIBBUBL ZUITT for 28 gold pieces
  1396 | D:2      | Gained mutation: You have a pair of small antennae on your
                  | head. [demonic ancestry]
  1396 | D:2      | Reached XP level 3. HP: 24/24 MP: 4/6
  1474 | D:2      | Found a sacrificial altar of Ru.
  1543 | D:2      | Found a faded altar of an unknown god.
  1582 | D:2      | Slain by a gnoll

Illustrated notes

Levels and vault maps discovered:
D:1:      wander_arrival_estate, layout_loops_corners
D:2:      layout_basic, ebering_ecumenical_altar_abandoned, basic_altar,
          serial_shops, nicolae_shop_hallway_stairs, kennysheep_generic_room_13

Skill      XL: |  1  2  3 |
---------------+----------+-----
Earth Magic    | 3 |  3.6
Dodging        | 2 |  2.0
Stealth        | 2 |  2.0
Fighting       | |  0.1
Long Blades    | |  0.2
Shields        | |  0.1
Spellcasting   | |  2.7
Transmutations | |  0.8

Action                   || total
-------------------------++-------
Melee: Falchion          ||    19
 Cast: Sandblast         ||    39
 Stab: Sleeping          ||     2
Armor: Robe              ||     5
Dodge: Dodged            ||    29
Block: Other             ||     6
